 Dungeon Crawl Stone Soup version 0.15-a0-861-g2f358d9 (webtiles) character file.

81 PolkaDot the Vexing (level 4, -9/30 HPs)
             Began as a Vampire Enchanter on May 16, 2014.
             Mangled by an ogre
             ... wielding a +0,+0 giant club
              (24 damage)
             ... on Level 4 of the Dungeon.
             The game lasted 00:16:22 (2075 turns).

PolkaDot the Vexing (Vampire Enchanter)             Turns: 2075, Time: 00:16:22

HP  -9/30        AC  5     Str 10      XL: 4   Next: 19%
MP   1/7         EV 12     Int 17      God:
Gold 115         SH  0     Dex 15      Spells:  3 memorised,  1 level left

rFire  . . .     SeeInvis +     k - +1,+2 dagger (elec)
rCold  + . .     Clarity  .     b - +1 robe
rNeg   + + .     Conserve +     (no shield)
rPois  +         rCorr    .     s - +2 hat
rElec  .         rRot     +     (no cloak)
SustAb .         Spirit   .     (no gloves)
rMut   .         Warding  .     (no boots)
Gourm  .         Stasis   .     u - amulet of conservation
MR     .....                    o - +3 ring of strength
                                p - ring of regeneration

@: regenerating slowly, very slightly contaminated, not resistant to hostile
enchantments, fairly stealthy
A: fangs 3, see invisible, unbreathing
a: Bat Form


You were on level 4 of the Dungeon.
You were very thirsty.

You visited 1 branch of the dungeon, and saw 4 of its levels.

You collected 115 gold pieces.

Inventory:

Hand weapons
 k - a +1,+2 dagger of electrocution (weapon)
Missiles
 n - a dart of frost (quivered)
Armour
 b - a +1 robe (worn)
 s - a +2 hat (worn)
Scrolls
 d - a scroll of blinking {unknown}
 e - a scroll of immolation {unknown}
 g - 8 scrolls of identify {unknown}
 h - 2 scrolls of fog {unknown}
 l - 2 scrolls of enchant armour {unknown}
 m - a scroll of recharging {unknown}
 q - a scroll of remove curse {unknown}
 t - 3 scrolls of random uselessness {unknown}
 v - a scroll of enchant weapon I {unknown}
Jewellery
 o - a +3 ring of strength (right hand)
 p - a ring of regeneration (left hand)
 u - an amulet of conservation (around neck)
Potions
 a - a potion of brilliance {unknown}
 f - 2 potions of flight {unknown}
 i - 3 potions of curing {unknown}
 j - 2 potions of mutation {unknown}
 r - a potion of might {unknown}
 w - a potion of lignification {unknown}
Books
 c - a book of Maledictions

   Spells                             Type                      Level
   *Corona                            Hexes                        1
   Sure Blade                         Hexes/Charms                 2
   *Ensorcelled Hibernation           Hexes/Ice                    2
   *Confuse                           Hexes                        3
   Dazzling Spray                     Conjuration/Hexes            3
   Enslavement                        Hexes                        4


   Skills:
 - Level 2.1 Short Blades
 - Level 1.0 Throwing
 - Level 2.1 Dodging
 + Level 4.9 Stealth
 - Level 2.0 Spellcasting
 * Level 5.7 Hexes


You had one spell level left.
You knew the following spells:

 Your Spells              Type           Power        Failure   Level  Hunger
a - Corona                Hex            ###....      1%          1    #......
c - Confuse               Hex            ###.....     8%          3    ####...
d - Ensorcelled Hibernat  Hex/Ice        ##....       12%         2    ###....


Dungeon Overview and Level Annotations

Branches:
Dungeon (4/15)
 Temple: D:4-7

Altars:
Xom
Yredelemnul


Innate Abilities, Weirdness & Mutations

You heal slowly.
You have razor-sharp teeth.*
You have supernaturally acute eyesight.
You can survive without breathing.*


Message History

You miscast Ensorcelled Hibernation.
You are very lightly contaminated with residual magic.
Nothing appears to happen.
Casting: Ensorcelled Hibernation
Confirm with . or Enter, or press ? or * to list all spells.
Aiming: Ensorcelled Hibernation
Press: ? - help, Shift-Dir - straight line, f/p - ogre
Aim: an ogre, wielding a giant club The ogre resists.
The ogre hits you with a giant club!
Ouch! That really hurt!
Casting: Ensorcelled Hibernation
Confirm with . or Enter, or press ? or * to list all spells.
Aiming: Ensorcelled Hibernation
Press: ? - help, Shift-Dir - straight line, f/p - ogre
Aim: an ogre, wielding a giant club The ogre resists.
* * * LOW MAGIC WARNING * * *
The ogre hits you with a giant club!
Ouch! That really hurt!
You die...

.....#+#.........%#
...................#
.................###
..................
#.$...........# #...#
#'# #...# #.# #...# #O#
#.###...#####@#
...............#
#############.#
############ ##8# #.#
#..........# .8...8##.#
#.......<#.#
......##.############.#
......_#............#.#
.....#############.#.#
8...8## #.#.#


You could see an ogre.

Vanquished Creatures
  An adder (D:3)
  2 giant geckos
  2 orcs (D:3)
  9 bats
  3 giant cockroaches
  8 hobgoblins
  2 quokkas
  A ball python (D:2)
  15 goblins
  2 jackals (D:2)
  10 kobolds
  8 rats
  A rat skeleton (D:3)
64 creatures vanquished.

Notes
Turn   | Place    | Note
--------------------------------------------------------------
     0 | D:1      | PolkaDot, the Vampire Enchanter, began the quest for the Orb.
     0 | D:1      | Reached XP level 1. HP: 13/13 MP: 3/3
   361 | D:1      | Reached XP level 2. HP: 17/19 MP: 2/4
   743 | D:2      | Reached skill level 5 in Hexes
   882 | D:2      | Learned a level 2 spell: Ensorcelled Hibernation
   929 | D:2      | Reached XP level 3. HP: 24/24 MP: 6/6
  1363 | D:3      | Learned a level 3 spell: Confuse
  1365 | D:3      | Found a shimmering altar of Xom.
  1540 | D:3      | Reached skill level 1 in Throwing
  1781 | D:3      | Reached XP level 4. HP: 30/30 MP: 7/7
  2038 | D:4      | Found a basalt altar of Yredelemnul.
  2056 | D:4      | Noticed an ogre
  2075 | D:4      | Mangled by an ogre

Action                   |  1- 3 |  4- 6 || total
-------------------------+-------+-------++-------
Melee: Dagger            |   142 |     8 ||   150
Throw: Dart              |    21 |       ||    21
 Cast: Corona            |    10 |       ||    10
       Ensorcelled Hiber |     9 |     4 ||    13
Evoke: Wand              |     2 |       ||     2
  Use: Potion            |     1 |       ||     1
 Stab: Sleeping          |    19 |     3 ||    22
       Distracted        |     1 |       ||     1
